AoeStats
← 739697286

Nomad

507921813Analyzed
4v4 RM · 13d ago on Sep 20, 2026· 42m 56s· 8 players
Game mode
Random Map
Map size
231×231
Population
200
Speed
Normal
Resources
Standard
Victory
Conquest
Starting age
Dark Age
Ending age
Imperial Age
RankedLock teamsTeams togetherTeam positionsShared explorationLock speedFull tech treeHidden civsTurbo modeCheats
Victory
Defeat
🇦🇷 Spanish · Argentina
1790
+5
🇨🇳 Maya · China
1776
+6
🇦🇺 Koreans · Australia
1523
+13
🇦🇷 Vietnamese · Argentina
1426
+17
🇫🇮 Turks · Finland
1547
-13
🇨🇳 Persians · China
1490
-10
🇹🇼 Berbers · Taiwan
1467
-9
🇦🇷 Dravidians · Argentina
1456
-9
AmiToms
7:43 Loom
12:44 Feudal Age
13:22 Double-Bit Axe
19:06 Wheelbarrow
22:37 Castle Age
21:43 Horse Collar
22:14 Stone Mining
22:50 Town Watch
22:56 Demolition Ship
23:53 Medium Warships
24:18 Bow Saw
28:24 Demolition Ship
32:34 Heavy Plow
34:00 Hand Cart
35:40 Gold Mining
39:14 Imperial Age
37:07 Padded Archer Armor
38:10 Leather Archer Armor
38:07 Forging
38:02 Scale Barding Armor
38:08 Forging
38:03 Scale Barding Armor
39:01 Bloodlines
38:51 Husbandry
40:28 Stone Shaft Mining
40:41 Iron Casting
40:26 Chain Barding Armor
40:42 Iron Casting
41:34 Elite Battle Elephant
43:52 Plate Barding Armor
qeozouwajqnl
11:00 Loom
13:44 Feudal Age
17:15 Castle Age
16:02 Fishing Lines
16:47 Padded Archer Armor
16:39 Gold Mining
16:51 Double-Bit Axe
19:10 Leather Archer Armor
19:06 Bow Saw
20:26 Bow Saw
24:01 Horse Collar
27:13 Wheelbarrow
26:23 Town Watch
33:45 Imperial Age
33:59 Hand Cart
34:28 Husbandry
34:39 Bloodlines
35:07 Ring Archer Armor
36:06 Stone Mining
35:49 Cavalier
37:08 Scale Barding Armor
38:09 Conscription
38:10 Chain Barding Armor
39:29 Plate Barding Armor
40:36 Paladin
Nørthlane
4:32 Loom
12:52 Feudal Age
17:18 Castle Age
16:17 Double-Bit Axe
16:24 Fletching
26:05 Bodkin Arrow
26:11 Horse Collar
29:11 Scale Barding Armor
30:38 Wheelbarrow
30:18 Bow Saw
31:52 Chain Barding Armor
32:39 Town Watch
34:00 Heavy Plow
35:05 Gold Mining
37:38 Gold Shaft Mining
37:19 Hand Cart
40:55 Imperial Age
40:04 Stone Mining
42:10 Conscription
42:21 Bracer
42:33 Thumb Ring
44:33 Chemistry
43:54 Ballistics
冥想控
10:46 Loom
13:43 Feudal Age
14:22 Town Watch
17:25 Castle Age
16:58 Double-Bit Axe
21:32 Bow Saw
22:09 Fletching
23:40 Horse Collar
26:34 Wheelbarrow
26:01 Heavy Plow
25:54 Gold Mining
25:55 Stone Mining
26:52 Bodkin Arrow
27:34 Fishing Lines
31:20 Hand Cart
33:42 Imperial Age
31:48 Padded Archer Armor
31:47 Gillnets
32:40 Stone Mining
33:33 Ballistics
34:46 Bracer
35:51 Chemistry
34:30 Capped Ram
36:25 Leather Archer Armor
38:04 Coinage
38:36 Ring Archer Armor
39:59 Elite Plumed Archer
41:06 Conscription
43:10 Banking
42:20 Siege Ram
mazq
12:41 Loom
14:45 Feudal Age
15:45 Town Watch
16:05 Double-Bit Axe
20:08 Castle Age
18:17 Fishing Lines
20:23 Fletching
22:50 Padded Archer Armor
24:57 Bow Saw
25:16 Leather Archer Armor
26:29 Horse Collar
31:23 Imperial Age
29:14 Gillnets
30:02 Stone Mining
30:51 Wheelbarrow
31:20 Gold Mining
33:25 Two-Man Saw
33:51 Ring Archer Armor
37:36 Elite Janissary
38:39 Conscription
41:24 Hand Cart
weaking
5:41 Loom
13:09 Feudal Age
13:42 Double-Bit Axe
19:39 Fishing Lines
19:55 Gold Mining
21:41 Town Watch
25:56 Fletching
31:20 Castle Age
34:49 Medium Warships
35:32 Forging
Miru
4:12 Loom
14:20 Feudal Age
15:12 Double-Bit Axe
18:22 Castle Age
17:18 Fletching
17:54 Padded Archer Armor
19:27 Bow Saw
21:03 Bodkin Arrow
31:36 Leather Archer Armor
33:36 Ballistics
33:22 Horse Collar
38:51 Imperial Age
36:55 Husbandry
37:48 Bloodlines
38:44 Wheelbarrow
37:57 Town Watch
39:19 Thumb Ring
42:12 Chemistry
41:54 Bracer
43:46 Conscription
739697286
3:22 Loom
13:14 Feudal Age
16:58 Castle Age
16:01 Double-Bit Axe
18:09 Bow Saw
18:05 Horse Collar
18:08 Demolition Ship
18:34 Fishing Lines
18:38 Light Cavalry
19:47 Bloodlines
19:43 Scale Barding Armor
27:25 Husbandry
36:43 Wheelbarrow
38:47 Imperial Age
43:22 Imperial Age
Connection lost

Rejoining the realm…

Still unreachable

The connection could not be restored.

Session expired

The server has moved on; the page needs a fresh start.